 Dungeon Sprint DCSS version 0.24-a0-244-ga6a6ab7 (webtiles) character file.

Game seed: 15049246605704384072

325 MikeHunt the Cleaver (level 6, -3/82 HPs)
             Began as a Deep Dwarf Berserker on Apr 10, 2019.
             Was an Elder of Trog.
             Slain by a human
             ... wielding a +0 hand axe
              (7 damage)
             ... in the Dungeon (Sprint III: "The Ten Rune Challenge").
             The game lasted 00:02:30 (307 turns).

MikeHunt the Cleaver (Deep Dwarf Berserker)          Turns: 307, Time: 00:02:30

Health: -3/82      AC:  2    Str: 26    XL:     6   Next: 24%
Magic:  6/6        EV: 12    Int:  7    God:    Trog [****..]
Gold:   45         SH:  0    Dex: 14    Spells: 5/5 levels left

rFire    . . .     SeeInvis .   a - +0 hand axe
rCold    . . .     Gourm    .   (no shield)
rNeg     . . .     Faith    .   b - +0 animal skin
rPois    .         Spirit   .   (no helmet)
rElec    .         Reflect  .   (no cloak)
rCorr    .         Harm     .   (no gloves)
MR       .....     NoTele   +   (no boots)
Stlth    ..........             (no amulet)
HPRegen  0.00/turn              (no ring)
MPRegen  0.10/turn              (no ring)

@: berserking (expiring), non-regenerating, very quick
A: damage resistance, heal wounds, sense surroundings 1, no regeneration
a: Heal Wounds, Berserk, Trog's Hand, Brothers in Arms, Renounce Religion


You were in the Dungeon.
You worshipped Trog.
Trog was greatly pleased with you.
You were very hungry.

You visited 1 branch You collected 45 gold pieces.

Inventory:

Hand Weapons
 a - a +0 hand axe (weapon)
Armour
 b - a +0 animal skin (worn)
Scrolls
 i - a scroll of blinking
 k - a scroll of holy word {unknown}
 l - a scroll of random uselessness {unknown}
 m - 4 scrolls of remove curse
 p - a scroll of torment {unknown}
 q - a scroll of identify {unknown}
Potions
 d - a potion of curing
 e - a potion of heal wounds
 f - a potion of haste
 g - 2 potions of magic
 h - a potion of berserk rage
 j - 3 potions of mutation {unknown}
 n - a potion of degeneration {unknown}
 o - a potion of flight {unknown}
 r - a potion of lignification {unknown}
Comestibles
 c - 3 rations
 s - a chunk of flesh {@w1}


   Skills:
 + Level 2.6 Fighting
 - Level 14.1 Axes
 - Level 2.1 Armour
 + Level 2.1 Dodging


You had 5 spell levels left.
You didn't know any spells.
Your spell library was empty.

Dungeon Overview and Level Annotations

Branches:
Dungeon (1/1)

Altars:
Dithmenos
Okawaru
Ru
Trog
Uskayaw
Wu Jian
Yredelemnul
Beogh


Innate Abilities, Weirdness & Mutations

You are resistant to damage.
You can heal yourself by infusing magical energy.
You passively map a small area around you.
You do not regenerate.


Message History

You barely miss the human.
The human is severely wounded.
You slash the human!
The human is almost dead.
The human hits you with a +0 hand axe!
* * * LOW HITPOINT WARNING * * *
You hit the human.
The human is almost dead.
You hit the human.
The human is almost dead.
The human barely misses you.
You completely miss the human.
The human is almost dead.
The human barely misses you.
You hit the human but do no damage.
The human is almost dead.
You miss the human.
The human is almost dead.
The human hits you with a +0 hand axe!
You die...

▓▓▓▓▓ ▓▓▓ ....♣♣♣ ♣.#
######## ......♣ ♣♣.#
#___#__# * .....♣♣ ♣..#
#p_.#._#,, ,,
....≈♣♣♣♣♣.###+#@###)##
,
...≈≈..♣♣..#.....!....#
..≈≈≈≈♣.♣♣.'.⌠........#
*
..≈≈≈≈≈≈.♣.#...######+#
.≈≈≈≈≈≈....#.⌠.# _ * *
.≈≈≈≈≈.....#...#_ ≈≈
.≈≈≈.......#+###__* ,
*≈≈ * ...........#,,,*
_ ,, , * ...........#_
_ _ + ,


You could see a human (berserk).

Vanquished Creatures
  A necrophage (D)
  A water elemental (D)
  A necromancer (D)
  2 humans (D)
  An ooze (D)
  A phantom (D)
  3 rats (D)
10 creatures vanquished.

Vanquished Creatures (others)
  2 draconian scorchers (D)
  6 hellions (D)
  A yaktaur (D)
9 creatures vanquished.

Grand Total: 19 creatures vanquished

Notes
Turn   | Place    | Note
-------+----------+-------------------------------------------
     0 | D        | MikeHunt the Deep Dwarf Berserker began the quest for the
                  | Orb.
     0 | D        | Reached XP level 1. HP: 20/20 MP: 1/1
     6 | D        | Reached skill level 5 in Axes
    15 | D        | Reached ** piety under Trog
    38 | D        | Reached skill level 7 in Axes
    38 | D        | Reached XP level 2. HP: 27/27 MP: 2/2
    57 | D        | Killed a yaktaur
    59 | D        | Reached XP level 3. HP: 26/33 MP: 3/3
    93 | D        | Killed a hellion
   103 | D        | Noticed a water elemental
   110 | D        | Killed a water elemental
   110 | D        | Reached *** piety under Trog
   110 | D        | Reached skill level 9 in Axes
   110 | D        | Reached XP level 4. HP: 40/40 MP: 4/4
   120 | D        | Killed a hellion
   122 | D        | Killed a hellion
   132 | D        | Killed a hellion
   133 | D        | Killed a hellion
   159 | D        | Killed a hellion
   184 | D        | Killed a white draconian scorcher
   204 | D        | Found a basalt altar of Yredelemnul.
   204 | D        | Found a shadowy altar of Dithmenos.
   204 | D        | Found a sacrificial altar of Ru.
   204 | D        | Noticed a necrophage
   211 | D        | Reached skill level 10 in Axes
   217 | D        | Killed a necrophage
   217 | D        | Reached skill level 12 in Axes
   217 | D        | Reached XP level 5. HP: 40/46 MP: 5/5
   234 | D        | Killed a white draconian scorcher
   281 | D        | Found a hide-covered altar of Uskayaw.
   281 | D        | Found a roughly hewn altar of Beogh.
   281 | D        | Found an iron altar of Okawaru.
   281 | D        | Found a bloodstained altar of Trog.
   281 | D        | Found an ornate altar of the Wu Jian Council.
   281 | D        | Noticed a human
   282 | D        | Noticed a human
   296 | D        | Killed a human
   296 | D        | Reached **** piety under Trog
   296 | D        | Reached skill level 14 in Axes
   296 | D        | Reached XP level 6. HP: 27/55 MP: 6/6
   302 | D        | HP: 4/82 [human/+0 hand axe (7)]
   307 | D        | Slain by a human

Levels and vault maps discovered:
D:        dungeon_sprint_mu [sprint_mu_entry_forest, sprint_mu_temple_rooms,
          sprint_mu_d1_horrors, sprint_mu_d2_genie, sprint_mu_d3_branching,
          sprint_mu_orc_legion, sprint_mu_elf_gauntlet, sprint_mu_hive_nellie,
          sprint_mu_lair_fedhas, sprint_mu_vaults_butterflies,
          sprint_mu_slime_circle, sprint_mu_swamp_cave, sprint_mu_shoals_archi,
          sprint_mu_blade_basic, sprint_mu_crypt_fortress,
          sprint_mu_tomb_spiral, sprint_mu_vestibule_basic,
          sprint_mu_gehenna_hellfire, sprint_mu_dis_giant,
          sprint_mu_tartarus_statrot, sprint_mu_cocytus_islands, sprint_mu_zot1]

Skill      XL: |  1  2  3  4  5 |
---------------+----------------+-----
Axes           | 7 9 12 14 | 14.1
Fighting       | |  2.6
Armour         | |  2.1
Dodging        | |  2.1

Action                   |  1- 3 |  4- 6 || total
-------------------------+-------+-------++-------
Melee: Hand axe          |    18 |    36 ||    54
Invok: Berserk           |     2 |     2 ||     4
       Trog's Hand       |       |     1 ||     1
 Stab: Sleeping          |     1 |       ||     1
  Eat: Chunk             |       |     1 ||     1
Armor: Animal skin       |     1 |     4 ||     5
Dodge: Dodged            |     8 |     5 ||    13

Table legend:
 A = Non-vault XP
 B = Vault XP
 C = Vault XP percentage of total XP
 D = Non-vault monster count
 E = Vault monster count
 F = Vault count percentage of total count
                 A         B        C        D         E       F
            +---------+---------+-------+---------+---------+-------
      Total |       0 |     465 | 100.0 |       0 |      10 | 100.0
            +---------+---------+-------+---------+---------+-------
          D |       0 |     465 | 100.0 |       0 |      10 | 100.0
            +---------+---------+-------+---------+---------+-------
